 Dungeon Crawl Stone Soup version 0.30.0-29-ga12c61a403 (webtiles) character file.

Game seed: 17202445206829431081

3106 Cheops the Covert (level 9, -7/66 HPs)
             Began as an Armataur Earth Elementalist on June 5, 2023.
             Was a Believer of Uskayaw.
             Mangled by Maggie
             ... wielding a +2 halberd of flaming
              (13 damage)
             ... on level 8 of the Dungeon.
             The game lasted 00:32:50 (12045 turns).

Cheops the Covert (Armataur Earth Elementalist)    Turns: 12045, Time: 00:32:51

Health: -7/66      AC:  8    Str: 20    XL:     9   Next: 60%
Magic:  2/13       EV:  9    Int: 20    God:    Uskayaw [**....]
Gold:   270        SH:  0    Dex: 10    Spells: 4/14 levels left

rFire   x . .        a - +10 dagger of Disembowelment {heavy, rF- rCorr Stlth+}
rCold   + . .        (no shield)
rNeg    . . .        I - +1 steam dragon scales
rPois   .            u - +0 helmet
rElec   .            (no cloak)
rCorr   +            g - +0 pair of gloves
SInv    .            (no barding)
Will    .....        (no amulet)
Stlth   +++++        p - +6 ring of strength
HPRegen 0.31/turn    B - ring of protection from cold
MPRegen 0.13/turn

%: roll
@: no status effects
A: large, rugged brown scales 3, deformed body, armoured tail, roll, long
tongue, awkward tongue
a: Renounce Religion, Stomp, Line Pass


You were on level 8 of the Dungeon.
You worshipped Uskayaw.
Uskayaw was noncommittal.
You visited 2 branches of the dungeon, and saw 11 of its levels.

You collected 477 gold pieces.
You spent 207 gold pieces at shops.

Inventory:

Hand Weapons
 a - the +10 dagger of Disembowelment (weapon) {heavy, rF- rCorr Stlth+}
   (You found it on level 3 of the Dungeon)

   rF:        It makes you vulnerable to fire.
   rCorr:     It protects you from acid and corrosion.
   Stlth:     It makes you more stealthy.
 b - the +7 short sword of Trauma {heavy, Will+ rCorr}
   (You found it on level 4 of the Dungeon)

   rCorr:     It protects you from acid and corrosion.
   Will:      It increases your willpower.
 c - a +0 dagger
 y - a +2 falchion
 z - a +3 dagger
 A - a +6 scimitar of freezing
 H - a +3 falchion of electrocution
Armour
 d - a +0 robe
 g - a +0 pair of gloves (worn)
 u - a +0 helmet (worn)
 I - +1 steam dragon scales (worn)
Magical Staves
 h - a staff of air
Jewellery
 p - a +6 ring of strength (left hand)
 B - a ring of protection from cold (right hand)
 G - an amulet of magic regeneration
Scrolls
 e - 2 scrolls of fear
 j - a scroll of enchant weapon {unknown}
 k - a scroll of fog {unknown}
 l - 2 scrolls of teleportation {unknown}
 m - 3 scrolls of vulnerability {unknown}
 n - 2 scrolls of blinking
 w - a scroll of immolation {unknown}
 x - a scroll of poison {unknown}
 D - 2 scrolls of amnesia
 F - a scroll of silence {unknown}
Potions
 f - a potion of lignification {unknown}
 i - 3 potions of haste {unknown}
 o - a potion of magic
 q - a potion of mutation
 r - a potion of invisibility
 s - 6 potions of curing
 C - a potion of flight
 E - a potion of attraction {unknown}
Miscellaneous
 t - a piece from Xom's chessboard (15/15)


   Skills:
 - Level 4.0 Short Blades
 - Level 1.3 Dodging
 + Level 10.1 Stealth
 - Level 3.0 Spellcasting
 * Level 4.8 Conjurations
 - Level 4.0 Transmutations
 - Level 6.0 Earth Magic


You had 4 spell levels left.
You knew the following spells:

 Your Spells              Type           Power      Damage    Failure   Level
a - Sandblast             Erth           54%        2d13      1%          1
b - Stone Arrow           Conj/Erth      48%        3d10      4%          3
p - Petrify               Tmut/Erth      23%        N/A       19%         4
P - Passwall              Tmut/Erth      19%        N/A       2%          2

Your spell library contained the following spells:

 Spells                   Type           Power      Damage    Failure   Level
 Wereblood                Tmut           19%        N/A       4%          2
 Scorch                   Fire           6%         2d5       22%         2
 Sublimation of Blood     Necr           3%         N/A       22%         2
 Portal Projectile        Hex/Tloc       6%         N/A       38%         3
 Tukima's Dance           Hex            3%         N/A       38%         3
 Leda's Liquefaction      Hex/Erth       7%         N/A       38%         4
 Blade Hands              Tmut           9%         N/A       58%         5
 Metabolic Englaciation   Hex/Ice        1%         N/A       98%         5
 Summon Hydra             Summ           1%         N/A       100%        7


Dungeon Overview and Level Annotations

Branches:
Dungeon (10/15)            Temple (1/1) D:5
   Lair: D:8-11         Orc: D:9-12

Altars:
Ashenzari
Dithmenos
Elyvilon
Fedhas
Gozag
Hepliaklqana
Kikubaaqudgha
Makhleb
Nemelex Xobeh
Okawaru
Qazlal
Sif Muna
Trog
Uskayaw
Vehumet
Wu Jian
Xom
Yredelemnul
Zin
The Shining One

Shops:
D:6 =   D:7 ?   D:9 (

Annotations:
D:8 Maggie


Innate Abilities, Weirdness & Mutations

You are completely covered in rugged brown scales. (AC +3, +7% HP)
Armour fits poorly on your strangely shaped body.
You have a long armoured tail.
You roll when moving toward enemies. (Rampage)
Your long tongue fully drains potion bottles. (2x potion effects)
Your tongue gives you trouble enunciating. (1.5x scroll delay)


Message History

Aiming: Stone Arrow (dangerous; 4% risk of failure)
Press: ? - help, Shift-Dir - straight line, f/p - Maggie
Aim: Maggie, wielding a +2 halberd of flaming and wearing +0 acid dragon scales (moderately wounded, 71% to hit)
The stone arrow misses Maggie.
Maggie drinks a potion.
Maggie seems to grow stronger.
Casting: Stone Arrow (dangerous; 4% risk of failure)
Confirm with . or Enter, or press ? or * to list all spells.
Aiming: Stone Arrow (dangerous; 4% risk of failure)
Press: ? - help, Shift-Dir - straight line, f/p - Maggie
Aim: Maggie, wielding a +2 halberd of flaming and wearing +0 acid dragon scales (moderately wounded, strong, 71% to hit)
The stone arrow hits Maggie!
Maggie is heavily wounded.
Maggie hits you from afar with a +2 halberd of flaming.
Maggie burns you.
You can now pass through a line of other dancers.
Casting: Stone Arrow (dangerous; 4% risk of failure)
Confirm with . or Enter, or press ? or * to list all spells.
You don't have enough magic to cast this spell.
Press: ? - help, v - describe, . - travel
Here: Maggie, wielding a +2 halberd of flaming and wearing +0 acid dragon scales (heavily wounded, strong)
The floor, spattered with blood.
Unknown command.
Okay, then.
Unknown command.
Unknown command.
You roll towards Maggie!
You closely miss Maggie.
Maggie is heavily wounded.
Maggie hits you with a +2 halberd of flaming!!
Maggie burns you!
* * * LOW HITPOINT WARNING * * *
You puncture Maggie!
Your tail-slap misses Maggie.
Maggie is heavily wounded.
Maggie hits you with a +2 halberd of flaming!!
* * * LOW HITPOINT WARNING * * *
Maggie burns you.
* * * LOW HITPOINT WARNING * * *
You hit Maggie. You tail-slap Maggie.
Maggie is severely wounded.
Maggie hits you with a +2 halberd of flaming!
You die...

#######
.......########
......@@......#
######
.$.....######.#
...... .>#+###
#.# .....# #.#
####.# #.# ...#
#.# .### #.# .#
#.# .# #.#


You could see Maggie (strong).

Vanquished Creatures
  A two-headed ogre (D:9)
  2 steam dragons (D:7)
  An orc warrior (D:7)
  3 sky beasts
  2 ogres
  A centaur (D:8)
  2 phantoms
  2 kobold brigands (D:7)
  A bullfrog (D:8)
  A scorpion (D:7)
  4 wights (D:6)
  A howler monkey (D:6)
  11 orc priests
  2 hounds
  6 jellies
  An iguana (D:5)
  5 orc wizards
  10 adders
  A shadow imp (D:7)
  An ufetubus (D:4)
  5 worms
  5 dart slugs
  35 orcs
  12 bats
  12 endoplasms
  2 giant cockroaches
  7 goblins
  5 hobgoblins
  4 jackals (D:1)
  6 quokkas
  6 ball pythons
  3 frilled lizards
  19 kobolds
  8 rats
187 creatures vanquished.

Notes
Turn   | Place    | Note
-------+----------+-------------------------------------------
     0 | D:1      | Cheops the Armataur Earth Elementalist began the quest for
                  | the Orb.
     0 | D:1      | Reached XP level 1. HP: 14/14 MP: 3/3
   238 | D:1      | Reached XP level 2. HP: 21/21 MP: 1/5
   992 | D:1      | Learned a level 2 spell: Passwall
  1136 | D:2      | Reached XP level 3. HP: 26/27 MP: 1/6
  1144 | D:2      | Learned a level 3 spell: Stone Arrow
  1191 | D:2      | Found a faded altar of an unknown god.
  1360 | D:2      | Reached skill level 3 in Stealth
  1863 | D:2      | Reached XP level 4. HP: 35/35 MP: 2/7
  1865 | D:2      | Reached skill level 4 in Stealth
  2155 | D:2      | Reached XP level 5. HP: 30/40 MP: 4/8
  2320 | D:2      | Learned a level 4 spell: Petrify
  2536 | D:2      | Reached skill level 1 in Conjurations
  2619 | D:3      | Reached XP level 6. HP: 45/48 MP: 3/10
  2787 | D:3      | Reached skill level 5 in Stealth
  3746 | D:3      | Identified the +10 dagger of Disembowelment {heavy, rF-
                  | rCorr Stlth+}
  3762 | D:3      | Found a bloodstained altar of Trog.
  4343 | D:4      | Found a sparkling altar of Nemelex Xobeh.
  4377 | D:4      | Identified the +7 short sword of Trauma {heavy, Will+
                  | rCorr}
  4511 | D:4      | Found a hazy altar of Hepliaklqana.
  4685 | D:4      | Reached XP level 7. HP: 53/53 MP: 8/11
  4744 | D:4      | Reached skill level 1 in Short Blades
  5182 | D:5      | Entered Level 5 of the Dungeon
  5281 | D:4      | Reached skill level 6 in Stealth
  5826 | D:5      | Found a staircase to the Ecumenical Temple.
  5835 | Temple   | Entered the Ecumenical Temple
  5900 | Temple   | Became a worshipper of Uskayaw the Reveller
  5985 | D:5      | Reached * piety under Uskayaw
  5986 | D:5      | Reached ** piety under Uskayaw
  6088 | D:5      | Found a shimmering altar of Xom.
  6094 | D:5      | Found an ancient bone altar of Kikubaaqudgha.
  7114 | D:5      | Found a staircase to the Ecumenical Temple.
  7530 | D:5      | Found a shimmering altar of Xom.
  7586 | D:5      | Found an ancient bone altar of Kikubaaqudgha.
  7987 | D:6      | Reached skill level 7 in Stealth
  7987 | D:6      | Reached XP level 8. HP: 60/60 MP: 5/12
  8195 | D:6      | Found Lidoecy's Jewellery Shop.
  8444 | D:6      | Found a basalt altar of Yredelemnul.
  8766 | D:6      | Reached skill level 5 in Earth Magic
  8866 | D:6      | Reached *** piety under Uskayaw
  9033 | D:6      | Found Lidoecy's Jewellery Shop.
  9255 | D:6      | Found a basalt altar of Yredelemnul.
  9521 | D:7      | Got the Cyclopedia of Hapless Incandescence
  9771 | D:7      | Found Keunaedgh's Magic Scroll Emporium.
  9781 | D:7      | Reached skill level 8 in Stealth
  9907 | D:7      | Reached skill level 1 in Transmutations
 10037 | D:7      | Bought a scroll of blinking for 97 gold pieces
 10059 | D:7      | You fall into a shaft and drop 3 floors!
 10059 | D:10     | Entered Level 10 of the Dungeon
 10226 | D:10     | Noticed a cyclops
 10260 | D:9      | Noticed a two-headed ogre
 10264 | D:9      | Killed a two-headed ogre
 10265 | D:9      | Reached skill level 9 in Stealth
 10265 | D:9      | Reached XP level 9. HP: 33/66 MP: 0/13
 10423 | D:9      | Found Bitol's Weapon Shoppe.
 11444 | D:7      | Reached skill level 10 in Stealth
 11812 | D:7      | Bought a scroll of enchant armour for 97 gold pieces
 11812 | D:7      | Bought a scroll of noise for 13 gold pieces
 12035 | D:8      | Noticed Maggie
 12045 | D:8      | Mangled by Maggie

Illustrated notes

Levels and vault maps discovered:
D:1:      minmay_arrival_glassed_features, layout_basic
D:2:      cheibrodos_fertilizer, layout_basic, ebering_ecumenical_altar_box
D:3:      cheibrodos_old_hovel, layout_loops_corners,
          mainiacjoe_overflow_catwalk, grunt_ministairs_5
D:4:      layout_basic, kennysheep_little_box, amcnicky_altar_gilded,
          nicolae_half_adder
D:5:      layout_loops_corners, mainiacjoe_overflow_catwalk_spiral,
          minmay_temple_entry_tees, kennysheep_cross_room,
          hellmonk_bongcloud_opening
D:6:      layout_loops_ring, mainiacjoe_overflow_alcove_4, serial_shops,
          nicolae_shop_waterfront
D:7:      layout_rooms, serial_shops, shop
D:8:      layout_basic, nicolae_ru_path_of_blood, uniq_maggie
D:9:      cheibrodos_grave_circle, layout_basic, lair_entry_dummy,
          enter_bailey_3, ploomutoo_gammafunk_ghost_potion_laboratory,
          serial_shops, nicolae_shop_rolling_square, nicolae_square_shop
D:10:     layout_layer_cave, mainiacjoe_overflow_six_doors_small,
          minmay_checkerbox, uniq_fannar
Temple:   eino_temple_lava

Skill      XL: |  1  2  3  4  5  6  7  8  9 |
---------------+----------------------------+-----
Spellcasting   | 2 3 |  3.0
Earth Magic    | 3 4 5 6 |  6.0
Stealth        | 3 4 5 7 9 10 | 10.1
Conjurations   | 1 3 4 |  4.8
Short Blades   | 4 |  4.0
Transmutations | 4 |  4.0
Dodging        | |  1.3

Action                     |  1- 3 |  4- 6 |  7- 9 || total
---------------------------+-------+-------+-------++-------
  Melee: Dagger            |    16 |    15 |    42 ||    73
         Tailslap          |     3 |       |     2 ||     5
         Punch             |       |       |     1 ||     1
   Cast: Sandblast         |    78 |   125 |    74 ||   277
         Passwall          |       |     2 |       ||     2
         Stone Arrow       |       |       |    72 ||    72
    Use: Potion            |       |     1 |       ||     1
         Scroll            |       |       |     6 ||     6
   Stab: Sleeping          |     1 |     2 |       ||     3
         Paralysed         |       |       |     3 ||     3
 Armour: Robe              |    16 |    10 |     4 ||    30
         Leather armour    |       |       |    20 ||    20
  Dodge: Dodged            |    31 |    31 |    42 ||   104
